Bruins vs Sabres

Created - October 29, 2016 at 13:53

Goals
1 2 3 T
Bruins 2 4 0 6
Sabres 0 3 1 4
Shots
1 2 3 T
Bruins 10 14 7 31
Sabres 9 9 11 29

1st period

1. Bruins , Seth Griffith 2 (Lauri Korpikoski, Jordan Caron) at 5:10
2. Bruins , Lauri Korpikoski 2 (Noah Hanifin, Greg Pateryn) at 14:53

Penalties :
Jake Muzzin (BOS) for High sticking (Minor) at 9:53, Corey Perry (BOS) for Tripping (Minor) at 16:54

2nd period

3. Sabres , Thomas Vanek 2 (Nino Niederreiter, Josh Gorges) at 1:13
4. Sabres , Nino Niederreiter 4 (Thomas Vanek, Francois Beauchemin) at 2:18
5. Bruins , Andrew Ladd 4 (Drew Doughty, Jake Muzzin) at 6:11
6. Sabres , Kris Versteeg 1 (Johnny Oduya, Gustav Nyquist) at 9:10
7. Bruins , Anders Lee 1 (Drew Doughty, Brendan Gallagher) at 14:48
8. Bruins , Ryan Spooner 1 (Corey Perry, Jake Muzzin) at 18:11
9. Bruins , Carl Soderberg 3 (Jake Muzzin) at 19:20

Penalties :
Nino Niederreiter (BUF) for Hooking (Minor) at 12:41, Braydon Coburn (BUF) for Elbowing (Minor) at 15:00, P.K. Subban (BOS) for Roughing (Minor) at 19:27

3rd period

10. Sabres , Matt Cullen 2 (Johnny Oduya, Nino Niederreiter) at 10:31

Penalties :
Jake Muzzin (BOS) for Hooking (Minor) at 6:44, Lars Eller (BUF) for Hooking (Minor) at 14:55, Jake Muzzin (BOS) for Slashing (Double Minor) at 18:14

Goalie Stats

Charlie Lindgren (BOS), 25 saves from 29 shots - (0.862), W, 2-1-0, 60:00 minutes
Ondrej Pavelec (BUF), 8 saves from 9 shots - (0.889), 21:49 minutes
Jhonas Enroth (BUF), 17 saves from 22 shots - (0.773), L, 1-2-0, 38:11 minutes

Players Stats for Bruins

Player Name              G  A  P  +/- PIM S  H  SB GA TA FO     MP     PP MP  PK MP  
------------------------------------------------------------------------------------
Anders Lee               1  0  1   1  0   3  3  0  0  0  0/1    10:46   0:42   0:08 
Andrew Ladd              1  0  1  -1  0   5  4  0  0  0  0/0    19:44   3:23   0:00 
Brendan Gallagher        0  1  1  -1  0   3  1  0  0  0  0/0    18:55   2:34   0:00 
Carl Soderberg           1  0  1   0  0   2  1  0  0  0  19/30  20:10   3:23   3:35 
Corey Perry              0  1  1   0  2   1  2  0  0  0  1/2    16:34   3:23   0:00 
Drew Doughty             0  2  2   1  0   0  0  5  0  0  0/0    27:25   3:35   6:27 
Greg Pateryn             0  1  1   3  0   0  4  0  0  0  0/0    14:30   0:00   3:22 
Jake Muzzin              0  3  3   1  8   1  3  0  0  0  0/0    22:57   3:35   2:02 
Jordan Caron             0  1  1   2  0   0  0  0  0  0  1/1     4:56   0:00   0:03 
Lauri Korpikoski         1  1  2   2  0   3  2  1  0  0  0/0     4:53   0:00   0:00 
Leon Draisaitl           0  0  0  -1  0   3  0  0  0  0  11/20  18:55   2:34   0:00 
Melker Karlsson          0  0  0   1  0   1  1  0  0  0  0/1    15:54   0:00   5:58 
Noah Hanifin             0  1  1   3  0   0  0  0  0  0  0/0    11:48   0:00   0:40 
P.K. Subban              0  0  0  -2  2   0  2  2  0  0  0/0    20:21   2:22   2:09 
Patrice Bergeron         0  0  0   1  0   2  1  1  0  0  16/22  16:11   0:00   6:15 
Ryan Spooner             1  0  1   0  0   1  0  0  0  0  2/3    15:04   1:52   0:00 
Seth Griffith            1  0  1   2  0   2  0  0  0  0  4/10    8:16   0:00   3:23 
Torey Krug               0  0  0  -2  0   4  0  2  0  0  0/0    22:55   2:22   4:42 

Players Stats for Sabres

Player Name              G  A  P  +/- PIM S  H  SB GA TA FO     MP     PP MP  PK MP  
------------------------------------------------------------------------------------
Brayden Schenn           0  0  0  -3  0   1  2  0  0  0  1/2    24:33   5:29   4:10 
Braydon Coburn           0  0  0   1  2   0  0  0  0  0  0/0    10:49   0:00   0:50 
Daniel Winnik            0  0  0   0  0   0  0  0  0  0  0/0     2:24   0:00   0:00 
Francois Beauchemin      0  1  1  -4  0   0  0  2  0  0  0/0    27:47   5:28   2:49 
Gustav Nyquist           0  1  1  -2  0   2  0  1  0  0  0/1    12:46   0:00   0:33 
Jacob Josefson           0  0  0   0  0   0  0  0  0  0  0/0     0:00   0:00   0:00 
Johnny Oduya             0  2  2   1  0   2  1  0  0  0  0/0    15:29   2:00   0:00 
Josh Gorges              0  1  1   1  0   0  0  2  0  0  0/0    14:37   2:13   2:18 
Kris Versteeg            1  0  1  -2  0   6  0  0  0  0  0/2    12:13   0:00   0:00 
Kyle Palmieri            0  0  0  -3  0   2  1  0  0  0  2/6    21:50   5:29   1:27 
Lars Eller               0  0  0  -2  2   1  0  0  0  0  7/17   12:12   0:00   0:00 
Matt Cullen              1  0  1   3  0   3  0  0  0  0  13/27  20:38   4:12   1:35 
Nazem Kadri              0  0  0  -3  0   0  3  0  0  0  10/31  26:56   5:29   4:09 
Nino Niederreiter        1  2  3   3  2   4  2  0  0  0  1/1    19:02   4:12   0:00 
Oliver Ekman-Larsson     0  0  0  -4  0   0  1  2  0  0  0/0    27:47   5:28   2:49 
Rasmus Ristolainen       0  0  0   1  0   2  0  0  0  0  0/0    23:30   4:13   3:08 
Thomas Vanek             1  1  2   3  0   6  0  0  0  0  0/1    19:03   4:12   0:00 
Zach Hyman               0  0  0   0  0   0  0  0  0  0  2/2     2:24   0:00   0:00 

3 Stars

1 - Nino Niederreiter (BUF)
2 - Lauri Korpikoski (BOS)
3 - Thomas Vanek (BUF)

Power Play

Bruins - 0 on 3 Attempt(s) - 0.00%
Sabres - 0 on 6 Attempt(s) - 0.00%

Penalty Kill

Bruins - 6 on 6 Attempt(s) - 100.00% - Score 0 goal in Penalty Kill
Sabres - 3 on 3 Attempt(s) - 100.00% - Score 0 goal in Penalty Kill

Team Stat

Bruins - Hits : 24 - Faceoff Wins : 54 - Blocked Shots : 11 - Penalty Minutes : 12
Sabres - Hits : 10 - Faceoff Wins : 36 - Blocked Shots : 7 - Penalty Minutes : 6

Official

Referees : Dan O'Halloran and Steve Kozari
Linesman : Lonnie Cameron and Brian Murphy

Game Notes

Ondrej Pavelec enters game at 18:11 of 2nd period
Josh Gorges is injured at 2:06 of 3rd period (Strained Left Knee)

Finance

Level 1 -- Attendance: 4677 (71.95%) -- Ticket Income $561,240
Level 2 -- Attendance: 3340 (66.80%) -- Ticket Income $300,600
Level 3 -- Attendance: 2931 (83.74%) -- Ticket Income $175,860
Level 4 -- Attendance: 2546 (82.93%) -- Ticket Income $89,110
Luxury Box -- Attendance: 842 (84.20%) -- Ticket Income $189,450
Game was played at the First Niagara Center.
Total Attendance: 14336 (75.18%)
Total Ticket Income: $1,316,260
Other Income: $197,439
Total Income: $1,513,699

% Time on Ice - Bruins

Lines # - Real PCT - Wanted PCT - Time Play
Normal Forward
1 - 37% - 40% - 16:21
2 - 30% - 30% - 13:12
3 - 22% - 20% - 9:56
4 - 11% - 10% - 4:53
Normal Defense
1 - 37% - 40% - 16:34
2 - 36% - 30% - 15:51
3 - 25% - 20% - 11:08
4 - 2% - 10% - 0:49
PP Forward
1 - 43% - 60% - 2:34
2 - 57% - 40% - 3:23
PP Defense
1 - 60% - 60% - 3:35
2 - 40% - 40% - 2:22
PK Forward
1 - 65% - 60% - 6:18
2 - 35% - 40% - 3:23
PK Defense
1 - 66% - 60% - 6:21
2 - 34% - 40% - 3:20
PK3 Forward
1 - 0% - 60%
2 - 0% - 40%
PK3 Defense
1 - 0% - 60%
2 - 0% - 40%
44 Forward
1 - 0% - 60%
2 - 0% - 40%
44 Defense
1 - 0% - 60%
2 - 0% - 40%
Last Minute Offensive  - 0:00
Last Minute Defensive  - 0:00
Total
Forward - 60:00
Defense - 60:00

% Time on Ice - Sabres

Lines # - Real PCT - Wanted PCT - Time Play
Normal Forward
1 - 34% - 40% - 14:54
2 - 33% - 30% - 14:51
3 - 28% - 20% - 12:13
4 - 5% - 10% - 2:24
Normal Defense
1 - 40% - 40% - 17:48
2 - 36% - 30% - 16:09
3 - 20% - 20% - 8:43
4 - 4% - 10% - 1:42
PP Forward
1 - 57% - 60% - 5:29
2 - 43% - 40% - 4:12
PP Defense
1 - 56% - 60% - 5:28
2 - 44% - 40% - 4:13
PK Forward
1 - 76% - 60% - 4:30
2 - 24% - 40% - 1:27
PK Defense
1 - 47% - 60% - 2:49
2 - 53% - 40% - 3:08
PK3 Forward
1 - 0% - 60%
2 - 0% - 40%
PK3 Defense
1 - 0% - 60%
2 - 0% - 40%
44 Forward
1 - 0% - 60%
2 - 0% - 40%
44 Defense
1 - 0% - 60%
2 - 0% - 40%
Last Minute Offensive  - 0:00
Last Minute Defensive  - 0:00
Total
Forward - 60:00
Defense - 60:00

Play by Play

1st period


0:01 of 1st period - Nazem Kadri wins face-off versus Leon Draisaitl in neutral zone.
0:03 of 1st period - Oliver Ekman-Larsson is hit by Andrew Ladd and loses puck.
0:19 of 1st period - Kyle Palmieri is hit by Jake Muzzin and loses puck.
1:17 of 1st period - Shot by Thomas Vanek.
1:17 of 1st period - Stopped by Charlie Lindgren without a rebound.
1:18 of 1st period - Lars Eller wins face-off versus Patrice Bergeron in Bruins zone.
1:47 of 1st period - Patrice Bergeron is hit by Johnny Oduya and loses puck.
2:24 of 1st period - Shot by Nino Niederreiter.
2:24 of 1st period - Stopped by Charlie Lindgren without a rebound.
2:25 of 1st period - Carl Soderberg wins face-off versus Nazem Kadri in Bruins zone.
3:18 of 1st period - Shot by Thomas Vanek.
3:18 of 1st period - Stopped by Charlie Lindgren with a rebound.
4:52 of 1st period - Icing by Greg Pateryn.
4:53 of 1st period - Seth Griffith wins face-off versus Nazem Kadri in Bruins zone.
5:06 of 1st period - Shot by Lauri Korpikoski.
5:06 of 1st period - Stopped by Jhonas Enroth with a rebound.
5:08 of 1st period - Shot by Seth Griffith.
5:08 of 1st period - Shot Misses the Net.
5:10 of 1st period - Shot by Seth Griffith.
5:10 of 1st period - Goal by Seth Griffith - Bruins : 1 - Sabres : 0.
5:11 of 1st period - Lars Eller wins face-off versus Carl Soderberg in neutral zone.
5:22 of 1st period - Shot by Corey Perry.
5:22 of 1st period - Shot Blocked by Gustav Nyquist.
5:25 of 1st period - Icing by Johnny Oduya.
5:26 of 1st period - Patrice Bergeron wins face-off versus Lars Eller in Sabres zone.
6:00 of 1st period - Shot by Kris Versteeg.
6:00 of 1st period - Shot Blocked by Drew Doughty.
6:08 of 1st period - Shot by Patrice Bergeron.
6:08 of 1st period - Shot Misses the Net.
6:10 of 1st period - Shot by Melker Karlsson.
6:10 of 1st period - Stopped by Jhonas Enroth with a rebound.
6:22 of 1st period - Johnny Oduya is hit by Andrew Ladd and loses puck.
7:27 of 1st period - Off-side.
7:28 of 1st period - Matt Cullen wins face-off versus Seth Griffith in neutral zone.
7:32 of 1st period - Off-side.
7:33 of 1st period - Matt Cullen wins face-off versus Carl Soderberg in neutral zone.
7:49 of 1st period - Matt Cullen is hit by Jake Muzzin.
8:05 of 1st period - Josh Gorges is hit by Carl Soderberg and loses puck.
8:31 of 1st period - Icing by Carl Soderberg.
8:32 of 1st period - Carl Soderberg wins face-off versus Kyle Palmieri in Bruins zone.
9:04 of 1st period - Shot by Leon Draisaitl.
9:04 of 1st period - Stopped by Jhonas Enroth without a rebound.
9:05 of 1st period - Seth Griffith wins face-off versus Kris Versteeg in Sabres zone.
9:16 of 1st period - Shot by Kris Versteeg.
9:16 of 1st period - Stopped by Charlie Lindgren without a rebound.
9:17 of 1st period - Leon Draisaitl wins face-off versus Thomas Vanek in Bruins zone.
9:17 of 1st period - Leon Draisaitl is hit by Nino Niederreiter.
9:20 of 1st period - Icing by P.K. Subban.
9:21 of 1st period - Nazem Kadri wins face-off versus Leon Draisaitl in Bruins zone.
9:36 of 1st period - Shot by Andrew Ladd.
9:36 of 1st period - Stopped by Jhonas Enroth without a rebound.
9:37 of 1st period - Matt Cullen wins face-off versus Seth Griffith in Sabres zone.
9:37 of 1st period - Matt Cullen is hit by Lauri Korpikoski.
9:40 of 1st period - Rasmus Ristolainen is hit by Lauri Korpikoski and loses puck.
9:50 of 1st period - Thomas Vanek is hit by Jake Muzzin.
9:53 of 1st period - Minor Penalty to Jake Muzzin for High sticking.
9:54 of 1st period - Patrice Bergeron wins face-off versus Nazem Kadri in Bruins zone.
10:25 of 1st period - Shot by Oliver Ekman-Larsson.
10:25 of 1st period - Shot Blocked by Drew Doughty.
10:27 of 1st period - Shot by Francois Beauchemin.
10:27 of 1st period - Shot Blocked by Drew Doughty.
10:29 of 1st period - Shot by Francois Beauchemin.
10:29 of 1st period - Shot Misses the Net.
10:56 of 1st period - Icing by Rasmus Ristolainen.
10:57 of 1st period - Matt Cullen wins face-off versus Carl Soderberg in Sabres zone.
11:02 of 1st period - Shot by Josh Gorges.
11:02 of 1st period - Deflect By Thomas Vanek.
11:02 of 1st period - Stopped by Charlie Lindgren with a rebound.
11:22 of 1st period - Shot by Matt Cullen.
11:22 of 1st period - Shot Misses the Net.
11:38 of 1st period - Shot by Rasmus Ristolainen.
11:38 of 1st period - Stopped by Charlie Lindgren without a rebound.
11:39 of 1st period - Carl Soderberg wins face-off versus Nazem Kadri in Bruins zone.
12:02 of 1st period - Shot by Leon Draisaitl.
12:02 of 1st period - Shot Misses the Net.
12:04 of 1st period - Shot by Brendan Gallagher.
12:04 of 1st period - Shot Misses the Net.
12:06 of 1st period - Shot by Andrew Ladd.
12:06 of 1st period - Shot Misses the Net.
12:08 of 1st period - Shot by Andrew Ladd.
12:08 of 1st period - Stopped by Jhonas Enroth without a rebound.
12:09 of 1st period - Carl Soderberg wins face-off versus Nazem Kadri in Sabres zone.
12:10 of 1st period - Shot by Corey Perry.
12:10 of 1st period - Shot Blocked by Oliver Ekman-Larsson.
12:18 of 1st period - Torey Krug is hit by Brayden Schenn and loses puck.
13:02 of 1st period - Icing by P.K. Subban.
13:03 of 1st period - Carl Soderberg wins face-off versus Matt Cullen in Bruins zone.
14:30 of 1st period - Shot by Patrice Bergeron.
14:30 of 1st period - Stopped by Jhonas Enroth without a rebound.
14:31 of 1st period - Kyle Palmieri wins face-off versus Seth Griffith in Sabres zone.
14:35 of 1st period - Nazem Kadri is hit by Greg Pateryn.
14:37 of 1st period - Shot by Kyle Palmieri.
14:37 of 1st period - Shot Blocked by Lauri Korpikoski.
14:51 of 1st period - Shot by Lauri Korpikoski.
14:51 of 1st period - Shot Misses the Net.
14:53 of 1st period - Shot by Lauri Korpikoski.
14:53 of 1st period - Goal by Lauri Korpikoski - Bruins : 2 - Sabres : 0.
14:54 of 1st period - Patrice Bergeron wins face-off versus Lars Eller in neutral zone.
15:07 of 1st period - Shot by Kris Versteeg.
15:07 of 1st period - Stopped by Charlie Lindgren without a rebound.
15:08 of 1st period - Leon Draisaitl wins face-off versus Nazem Kadri in Bruins zone.
15:10 of 1st period - Icing by Andrew Ladd.
15:11 of 1st period - Leon Draisaitl wins face-off versus Nazem Kadri in Bruins zone.
15:16 of 1st period - Kyle Palmieri is hit by Brendan Gallagher and loses puck.
15:51 of 1st period - Shot by Leon Draisaitl.
15:51 of 1st period - Stopped by Jhonas Enroth without a rebound.
15:52 of 1st period - Matt Cullen wins face-off versus Patrice Bergeron in Sabres zone.
16:03 of 1st period - Shot by Nino Niederreiter.
16:03 of 1st period - Stopped by Charlie Lindgren with a rebound.
16:05 of 1st period - Shot by Matt Cullen.
16:05 of 1st period - Shot Misses the Net.
16:54 of 1st period - Minor Penalty to Corey Perry for Tripping.
16:55 of 1st period - Nazem Kadri wins face-off versus Carl Soderberg in Bruins zone.
17:00 of 1st period - Shot by Kyle Palmieri.
17:00 of 1st period - Shot Misses the Net.
17:02 of 1st period - Shot by Brayden Schenn.
17:02 of 1st period - Shot Misses the Net.
17:04 of 1st period - Shot by Oliver Ekman-Larsson.
17:04 of 1st period - Shot Misses the Net.
17:06 of 1st period - Shot by Kyle Palmieri.
17:06 of 1st period - Deflect By Nazem Kadri.
17:06 of 1st period - Shot Misses the Net.
17:39 of 1st period - Icing by Kyle Palmieri.
17:40 of 1st period - Patrice Bergeron wins face-off versus Nazem Kadri in Sabres zone.
18:16 of 1st period - Thomas Vanek is hit by Melker Karlsson.
18:27 of 1st period - Shot by Josh Gorges.
18:27 of 1st period - Shot Blocked by Drew Doughty.
18:29 of 1st period - Shot by Josh Gorges.
18:29 of 1st period - Shot Misses the Net.
18:31 of 1st period - Shot by Josh Gorges.
18:31 of 1st period - Shot Misses the Net.
18:45 of 1st period - Shot by Matt Cullen.
18:45 of 1st period - Stopped by Charlie Lindgren without a rebound.
18:46 of 1st period - Carl Soderberg wins face-off versus Matt Cullen in Bruins zone.
19:14 of 1st period - Shot by Brendan Gallagher.
19:14 of 1st period - Shot Misses the Net.
19:16 of 1st period - Shot by Noah Hanifin.
19:16 of 1st period - Shot Misses the Net.
19:18 of 1st period - Shot by Brendan Gallagher.
19:18 of 1st period - Stopped by Jhonas Enroth without a rebound.
19:19 of 1st period - Zach Hyman wins face-off versus Corey Perry in Sabres zone.
19:19 of 1st period - Zach Hyman is hit by Corey Perry.
19:40 of 1st period - Shot by Corey Perry.
19:40 of 1st period - Shot Misses the Net.
Goals for this period are 2 for Bruins vs 0 for Sabres.
Shots for this period are 10 for Bruins vs 9 for Sabres.

2nd period


0:01 of 2nd period - Nazem Kadri wins face-off versus Leon Draisaitl in neutral zone.
0:43 of 2nd period - Icing by Francois Beauchemin.
0:44 of 2nd period - Carl Soderberg wins face-off versus Nazem Kadri in Sabres zone.
1:13 of 2nd period - Shot by Thomas Vanek.
1:13 of 2nd period - Goal by Thomas Vanek - Bruins : 2 - Sabres : 1.
1:14 of 2nd period - Lars Eller wins face-off versus Patrice Bergeron in neutral zone.
1:16 of 2nd period - Braydon Coburn is hit by Greg Pateryn and loses puck.
1:27 of 2nd period - Shot by Gustav Nyquist.
1:27 of 2nd period - Stopped by Charlie Lindgren without a rebound.
1:28 of 2nd period - Leon Draisaitl wins face-off versus Matt Cullen in Bruins zone.
1:34 of 2nd period - Off-side.
1:35 of 2nd period - Leon Draisaitl wins face-off versus Matt Cullen in neutral zone.
1:40 of 2nd period - Shot by Jake Muzzin.
1:40 of 2nd period - Shot Misses the Net.
2:04 of 2nd period - Shot by Andrew Ladd.
2:04 of 2nd period - Shot Blocked by Francois Beauchemin.
2:16 of 2nd period - Shot by Nino Niederreiter.
2:16 of 2nd period - Deflect By Thomas Vanek.
2:16 of 2nd period - Stopped by Charlie Lindgren with a rebound.
2:18 of 2nd period - Shot by Thomas Vanek.
2:18 of 2nd period - Deflect By Nino Niederreiter.
2:18 of 2nd period - Goal by Nino Niederreiter - Bruins : 2 - Sabres : 2.
2:19 of 2nd period - Carl Soderberg wins face-off versus Brayden Schenn in neutral zone.
2:34 of 2nd period - Shot by Brayden Schenn.
2:34 of 2nd period - Shot Misses the Net.
2:36 of 2nd period - Shot by Brayden Schenn.
2:36 of 2nd period - Shot Blocked by Torey Krug.
2:38 of 2nd period - Shot by Kyle Palmieri.
2:38 of 2nd period - Deflect By Brayden Schenn.
2:38 of 2nd period - Shot Blocked by P.K. Subban.
2:48 of 2nd period - Shot by Kyle Palmieri.
2:48 of 2nd period - Shot Blocked by Torey Krug.
2:50 of 2nd period - Shot by Kyle Palmieri.
2:50 of 2nd period - Shot Blocked by P.K. Subban.
2:58 of 2nd period - Shot by Kyle Palmieri.
2:58 of 2nd period - Stopped by Charlie Lindgren with a rebound.
3:53 of 2nd period - Icing by Greg Pateryn.
3:54 of 2nd period - Lars Eller wins face-off versus Patrice Bergeron in Bruins zone.
3:58 of 2nd period - Icing by Noah Hanifin.
3:59 of 2nd period - Patrice Bergeron wins face-off versus Lars Eller in Bruins zone.
4:06 of 2nd period - Lars Eller is hit by Anders Lee and loses puck.
4:31 of 2nd period - Shot by Andrew Ladd.
4:31 of 2nd period - Stopped by Jhonas Enroth without a rebound.
4:32 of 2nd period - Matt Cullen wins face-off versus Carl Soderberg in Sabres zone.
6:11 of 2nd period - Shot by Andrew Ladd.
6:11 of 2nd period - Goal by Andrew Ladd - Bruins : 3 - Sabres : 2.
6:12 of 2nd period - Nazem Kadri wins face-off versus Seth Griffith in neutral zone.
6:26 of 2nd period - Shot by Seth Griffith.
6:26 of 2nd period - Shot Misses the Net.
6:28 of 2nd period - Shot by Lauri Korpikoski.
6:28 of 2nd period - Stopped by Jhonas Enroth without a rebound.
6:29 of 2nd period - Matt Cullen wins face-off versus Melker Karlsson in Sabres zone.
6:29 of 2nd period - Thomas Vanek is hit by Patrice Bergeron and loses puck.
6:40 of 2nd period - Shot by Melker Karlsson.
6:40 of 2nd period - Shot Misses the Net.
6:51 of 2nd period - Icing by Jake Muzzin.
6:52 of 2nd period - Patrice Bergeron wins face-off versus Nazem Kadri in Bruins zone.
6:52 of 2nd period - Patrice Bergeron is hit by Nazem Kadri.
6:55 of 2nd period - Melker Karlsson is hit by Brayden Schenn and loses puck.
7:10 of 2nd period - Jake Muzzin is hit by Nazem Kadri and loses puck.
7:31 of 2nd period - Melker Karlsson is hit by Nazem Kadri and loses puck.
8:02 of 2nd period - Shot by Leon Draisaitl.
8:02 of 2nd period - Deflect By Brendan Gallagher.
8:02 of 2nd period - Stopped by Jhonas Enroth without a rebound.
8:03 of 2nd period - Carl Soderberg wins face-off versus Matt Cullen in Sabres zone.
8:36 of 2nd period - Shot by Carl Soderberg.
8:36 of 2nd period - Stopped by Jhonas Enroth without a rebound.
8:37 of 2nd period - Leon Draisaitl wins face-off versus Lars Eller in Sabres zone.
8:56 of 2nd period - Shot by Kris Versteeg.
8:56 of 2nd period - Stopped by Charlie Lindgren with a rebound.
8:58 of 2nd period - Shot by Lars Eller.
8:58 of 2nd period - Shot Misses the Net.
9:00 of 2nd period - Shot by Johnny Oduya.
9:00 of 2nd period - Shot Misses the Net.
9:10 of 2nd period - Shot by Kris Versteeg.
9:10 of 2nd period - Goal by Kris Versteeg - Bruins : 3 - Sabres : 3.
9:11 of 2nd period - Matt Cullen wins face-off versus Seth Griffith in neutral zone.
10:02 of 2nd period - Icing by Jake Muzzin.
10:03 of 2nd period - Brayden Schenn wins face-off versus Seth Griffith in Bruins zone.
11:34 of 2nd period - Lars Eller is hit by Andrew Ladd and loses puck.
11:38 of 2nd period - Icing by Lars Eller.
11:39 of 2nd period - Lars Eller wins face-off versus Carl Soderberg in Sabres zone.
12:41 of 2nd period - Minor Penalty to Nino Niederreiter for Hooking.
12:42 of 2nd period - Nazem Kadri wins face-off versus Anders Lee in Sabres zone.
14:03 of 2nd period - Icing by P.K. Subban.
14:04 of 2nd period - Carl Soderberg wins face-off versus Gustav Nyquist in Bruins zone.
14:48 of 2nd period - Shot by Anders Lee.
14:48 of 2nd period - Goal by Anders Lee - Bruins : 4 - Sabres : 3.
14:49 of 2nd period - Patrice Bergeron wins face-off versus Matt Cullen in neutral zone.
14:49 of 2nd period - Patrice Bergeron is hit by Nino Niederreiter.
15:00 of 2nd period - Minor Penalty to Braydon Coburn for Elbowing.
15:01 of 2nd period - Carl Soderberg wins face-off versus Nazem Kadri in Sabres zone.
15:01 of 2nd period - Corey Perry is hit by Oliver Ekman-Larsson and loses puck.
15:04 of 2nd period - Shot by Drew Doughty.
15:04 of 2nd period - Shot Misses the Net.
15:06 of 2nd period - Shot by Andrew Ladd.
15:06 of 2nd period - Stopped by Jhonas Enroth without a rebound.
15:07 of 2nd period - Ryan Spooner wins face-off versus Nazem Kadri in Sabres zone.
16:01 of 2nd period - Shot by Corey Perry.
16:01 of 2nd period - Shot Misses the Net.
16:05 of 2nd period - Shot by P.K. Subban.
16:05 of 2nd period - Shot Misses the Net.
16:07 of 2nd period - Shot by Torey Krug.
16:07 of 2nd period - Shot Blocked by Josh Gorges.
16:09 of 2nd period - Shot by Corey Perry.
16:09 of 2nd period - Shot Misses the Net.
16:11 of 2nd period - Shot by Torey Krug.
16:11 of 2nd period - Stopped by Jhonas Enroth with a rebound.
16:21 of 2nd period - Shot by Torey Krug.
16:21 of 2nd period - Stopped by Jhonas Enroth with a rebound.
17:17 of 2nd period - Shot by Patrice Bergeron.
17:17 of 2nd period - Deflect By Anders Lee.
17:17 of 2nd period - Stopped by Jhonas Enroth without a rebound.
17:18 of 2nd period - Seth Griffith wins face-off versus Matt Cullen in Sabres zone.
17:29 of 2nd period - Shot by Seth Griffith.
17:29 of 2nd period - Stopped by Jhonas Enroth without a rebound.
17:30 of 2nd period - Patrice Bergeron wins face-off versus Lars Eller in Sabres zone.
17:35 of 2nd period - Shot by Patrice Bergeron.
17:35 of 2nd period - Shot Misses the Net.
17:48 of 2nd period - Icing by Francois Beauchemin.
17:49 of 2nd period - Leon Draisaitl wins face-off versus Lars Eller in Sabres zone.
17:59 of 2nd period - Icing by Francois Beauchemin.
18:00 of 2nd period - Corey Perry wins face-off versus Kris Versteeg in Sabres zone.
18:03 of 2nd period - Shot by Corey Perry.
18:03 of 2nd period - Shot Misses the Net.
18:09 of 2nd period - Shot by Corey Perry.
18:09 of 2nd period - Shot Misses the Net.
18:11 of 2nd period - Shot by Ryan Spooner.
18:11 of 2nd period - Goal by Ryan Spooner - Bruins : 5 - Sabres : 3.
18:11 of 2nd period - Ondrej Pavelec enters game.
18:12 of 2nd period - Matt Cullen wins face-off versus Leon Draisaitl in neutral zone.
18:18 of 2nd period - Thomas Vanek is hit by P.K. Subban and loses puck.
18:23 of 2nd period - Shot by Thomas Vanek.
18:23 of 2nd period - Stopped by Charlie Lindgren without a rebound.
18:24 of 2nd period - Carl Soderberg wins face-off versus Nazem Kadri in Bruins zone.
18:43 of 2nd period - Shot by Brayden Schenn.
18:43 of 2nd period - Stopped by Charlie Lindgren without a rebound.
18:44 of 2nd period - Leon Draisaitl wins face-off versus Matt Cullen in Bruins zone.
18:59 of 2nd period - Off-side.
19:00 of 2nd period - Ryan Spooner wins face-off versus Nazem Kadri in neutral zone.
19:00 of 2nd period - Ryan Spooner is hit by Kyle Palmieri.
19:06 of 2nd period - Shot by Corey Perry.
19:06 of 2nd period - Stopped by Ondrej Pavelec with a rebound.
19:10 of 2nd period - Shot by Carl Soderberg.
19:10 of 2nd period - Shot Blocked by Francois Beauchemin.
19:20 of 2nd period - Shot by Carl Soderberg.
19:20 of 2nd period - Goal by Carl Soderberg - Bruins : 6 - Sabres : 3.
19:21 of 2nd period - Matt Cullen wins face-off versus Leon Draisaitl in neutral zone.
19:27 of 2nd period - Minor Penalty to P.K. Subban for Roughing.
19:28 of 2nd period - Patrice Bergeron wins face-off versus Nazem Kadri in Bruins zone.
19:48 of 2nd period - Icing by Oliver Ekman-Larsson.
19:49 of 2nd period - Patrice Bergeron wins face-off versus Nazem Kadri in Sabres zone.
Goals for this period are 4 for Bruins vs 3 for Sabres.
Shots for this period are 14 for Bruins vs 9 for Sabres.

3rd period


0:01 of 3rd period - Patrice Bergeron wins face-off versus Kyle Palmieri in neutral zone.
0:25 of 3rd period - Shot by Kyle Palmieri.
0:25 of 3rd period - Stopped by Charlie Lindgren without a rebound.
0:26 of 3rd period - Patrice Bergeron wins face-off versus Matt Cullen in Bruins zone.
1:00 of 3rd period - Off-side.
1:01 of 3rd period - Nazem Kadri wins face-off versus Carl Soderberg in neutral zone.
1:33 of 3rd period - Gustav Nyquist is hit by Greg Pateryn and loses puck.
1:38 of 3rd period - Shot by Kris Versteeg.
1:38 of 3rd period - Stopped by Charlie Lindgren without a rebound.
1:39 of 3rd period - Carl Soderberg wins face-off versus Matt Cullen in Bruins zone.
2:06 of 3rd period - Shot by Carl Soderberg.
2:06 of 3rd period - Shot Blocked by Josh Gorges.
2:06 of 3rd period - Josh Gorges from Sabres is injured at 2:06 of 3rd period (Strained Left Knee).
2:07 of 3rd period - Leon Draisaitl wins face-off versus Nazem Kadri in Sabres zone.
2:40 of 3rd period - Shot by Leon Draisaitl.
2:40 of 3rd period - Shot Misses the Net.
2:42 of 3rd period - Shot by Brendan Gallagher.
2:42 of 3rd period - Stopped by Ondrej Pavelec without a rebound.
2:43 of 3rd period - Carl Soderberg wins face-off versus Matt Cullen in Sabres zone.
2:50 of 3rd period - Thomas Vanek is hit by Corey Perry and loses puck.
3:06 of 3rd period - Icing by Greg Pateryn.
3:07 of 3rd period - Carl Soderberg wins face-off versus Lars Eller in Bruins zone.
3:09 of 3rd period - Icing by Ryan Spooner.
3:10 of 3rd period - Nazem Kadri wins face-off versus Carl Soderberg in Bruins zone.
3:12 of 3rd period - Brayden Schenn is hit by Greg Pateryn and loses puck.
4:07 of 3rd period - Off-side.
4:08 of 3rd period - Matt Cullen wins face-off versus Leon Draisaitl in neutral zone.
4:59 of 3rd period - Icing by Rasmus Ristolainen.
5:00 of 3rd period - Patrice Bergeron wins face-off versus Matt Cullen in Sabres zone.
5:05 of 3rd period - Shot by Patrice Bergeron.
5:05 of 3rd period - Stopped by Ondrej Pavelec with a rebound.
5:08 of 3rd period - Icing by Rasmus Ristolainen.
5:09 of 3rd period - Jordan Caron wins face-off versus Matt Cullen in Sabres zone.
5:57 of 3rd period - Icing by Francois Beauchemin.
5:58 of 3rd period - Nazem Kadri wins face-off versus Leon Draisaitl in Sabres zone.
6:44 of 3rd period - Minor Penalty to Jake Muzzin for Hooking.
6:45 of 3rd period - Matt Cullen wins face-off versus Patrice Bergeron in Bruins zone.
8:27 of 3rd period - Shot by Thomas Vanek.
8:27 of 3rd period - Deflect By Matt Cullen.
8:27 of 3rd period - Stopped by Charlie Lindgren with a rebound.
8:29 of 3rd period - Shot by Johnny Oduya.
8:29 of 3rd period - Stopped by Charlie Lindgren without a rebound.
8:30 of 3rd period - Patrice Bergeron wins face-off versus Nazem Kadri in Bruins zone.
8:49 of 3rd period - Shot by Lars Eller.
8:49 of 3rd period - Deflect By Kris Versteeg.
8:49 of 3rd period - Shot Misses the Net.
8:51 of 3rd period - Shot by Lars Eller.
8:51 of 3rd period - Shot Misses the Net.
8:53 of 3rd period - Shot by Gustav Nyquist.
8:53 of 3rd period - Stopped by Charlie Lindgren with a rebound.
8:55 of 3rd period - Shot by Kris Versteeg.
8:55 of 3rd period - Stopped by Charlie Lindgren without a rebound.
8:56 of 3rd period - Leon Draisaitl wins face-off versus Lars Eller in Bruins zone.
9:19 of 3rd period - Shot by Brendan Gallagher.
9:19 of 3rd period - Shot Misses the Net.
9:21 of 3rd period - Shot by Torey Krug.
9:21 of 3rd period - Stopped by Ondrej Pavelec without a rebound.
9:22 of 3rd period - Zach Hyman wins face-off versus Carl Soderberg in Sabres zone.
9:39 of 3rd period - Shot by Nazem Kadri.
9:39 of 3rd period - Shot Blocked by Drew Doughty.
10:29 of 3rd period - Shot by Matt Cullen.
10:29 of 3rd period - Shot Misses the Net.
10:31 of 3rd period - Shot by Matt Cullen.
10:31 of 3rd period - Goal by Matt Cullen - Bruins : 6 - Sabres : 4.
10:32 of 3rd period - Leon Draisaitl wins face-off versus Lars Eller in neutral zone.
10:49 of 3rd period - Shot by Leon Draisaitl.
10:49 of 3rd period - Stopped by Ondrej Pavelec with a rebound.
10:52 of 3rd period - Icing by Johnny Oduya.
10:53 of 3rd period - Patrice Bergeron wins face-off versus Lars Eller in Sabres zone.
11:22 of 3rd period - Johnny Oduya is hit by Anders Lee and loses puck.
11:55 of 3rd period - Off-side.
11:56 of 3rd period - Seth Griffith wins face-off versus Nazem Kadri in neutral zone.
13:39 of 3rd period - Icing by Torey Krug.
13:40 of 3rd period - Nino Niederreiter wins face-off versus Carl Soderberg in Bruins zone.
13:47 of 3rd period - Shot by Nino Niederreiter.
13:47 of 3rd period - Stopped by Charlie Lindgren without a rebound.
13:48 of 3rd period - Matt Cullen wins face-off versus Patrice Bergeron in Bruins zone.
13:55 of 3rd period - Shot by Thomas Vanek.
13:55 of 3rd period - Shot Misses the Net.
14:05 of 3rd period - Johnny Oduya is hit by Anders Lee and loses puck.
14:20 of 3rd period - Shot by Patrice Bergeron.
14:20 of 3rd period - Deflect By Anders Lee.
14:20 of 3rd period - Stopped by Ondrej Pavelec without a rebound.
14:21 of 3rd period - Lars Eller wins face-off versus Leon Draisaitl in Sabres zone.
14:23 of 3rd period - Gustav Nyquist is hit by Andrew Ladd.
14:24 of 3rd period - Off-side.
14:25 of 3rd period - Lars Eller wins face-off versus Leon Draisaitl in neutral zone.
14:38 of 3rd period - Shot by Lars Eller.
14:38 of 3rd period - Shot Misses the Net.
14:40 of 3rd period - Shot by Lars Eller.
14:40 of 3rd period - Stopped by Charlie Lindgren with a rebound.
14:42 of 3rd period - Shot by Rasmus Ristolainen.
14:42 of 3rd period - Stopped by Charlie Lindgren with a rebound.
14:55 of 3rd period - Minor Penalty to Lars Eller for Hooking.
14:56 of 3rd period - Carl Soderberg wins face-off versus Nazem Kadri in Sabres zone.
15:32 of 3rd period - Icing by Carl Soderberg.
15:33 of 3rd period - Nazem Kadri wins face-off versus Carl Soderberg in Bruins zone.
15:46 of 3rd period - Shot by Andrew Ladd.
15:46 of 3rd period - Shot Blocked by Oliver Ekman-Larsson.
15:48 of 3rd period - Shot by Jake Muzzin.
15:48 of 3rd period - Stopped by Ondrej Pavelec without a rebound.
15:49 of 3rd period - Kyle Palmieri wins face-off versus Ryan Spooner in Sabres zone.
16:20 of 3rd period - Shot by Torey Krug.
16:20 of 3rd period - Stopped by Ondrej Pavelec without a rebound.
16:21 of 3rd period - Carl Soderberg wins face-off versus Kyle Palmieri in Sabres zone.
16:31 of 3rd period - Icing by Andrew Ladd.
16:32 of 3rd period - Carl Soderberg wins face-off versus Kyle Palmieri in Bruins zone.
17:28 of 3rd period - Rasmus Ristolainen is hit by P.K. Subban and loses puck.
18:14 of 3rd period - Double Minor Penalty to Jake Muzzin for Slashing.
18:15 of 3rd period - Carl Soderberg wins face-off versus Nazem Kadri in Bruins zone.
18:41 of 3rd period - Shot by Johnny Oduya.
18:41 of 3rd period - Stopped by Charlie Lindgren without a rebound.
18:42 of 3rd period - Patrice Bergeron wins face-off versus Matt Cullen in Bruins zone.
18:55 of 3rd period - Shot by Matt Cullen.
18:55 of 3rd period - Shot Blocked by Patrice Bergeron.
Goals for this period are 0 for Bruins vs 1 for Sabres.
Shots for this period are 7 for Bruins vs 11 for Sabres.